Saguenéens vs Mulligans
Created - 12 janvier 2017 at 06:54
Goals
|
Saguenéens |
3 |
3 |
0 |
1 |
7 |
Mulligans |
2 |
1 |
3 |
0 |
6 |
|
Shots
|
Saguenéens |
12 |
19 |
6 |
1 |
38 |
Mulligans |
24 |
14 |
9 |
0 |
47 |
|
1st period
1. Saguenéens , Spencer Machacek 11 (Brian Sutherby) at 5:46
2. Saguenéens , Spencer Machacek 12 (Brian Sutherby, Tim Kennedy) at 6:23
3. Mulligans , Jonathan Tremblay 10 (Matt Taormina, Michael Del Zotto) at 14:43
4. Saguenéens , Rhett Rakhshani 5 (Teemu Pulkkinen, Craig Cunningham) at 17:59
5. Mulligans , Denis Arkhipov 4 (Michael Del Zotto) at 18:50
Penalties :
Rhett Rakhshani (Chi) for Hooking (Minor) at 15:46, Brett Lebda (Chi) for Holding (Minor) at 19:12, Oscar Klefbom (Chi) for Hooking (Minor) at 19:26
2nd period
6. Saguenéens , Spencer Machacek 13 (Brian Sutherby, Tyler Kennedy) at 2:35
7. Mulligans , Denis Arkhipov 5 (Jordan Szwarz, Michael Del Zotto) at 4:16 (PP)
8. Saguenéens , Erik Haula 10 (Tyler Kennedy) at 17:49
9. Saguenéens , Juraj Mikus 17 (Tim Kennedy, Oscar Klefbom) at 19:54
Penalties :
Dalton Prout (Chi) for Slashing (Minor) at 3:59
3rd period
10. Mulligans , Maxime Macenauer 4 (Matt Beleskey, Matt Donovan) at 8:56
11. Mulligans , Anton Lander 11 (Eric Tangradi) at 10:28
12. Mulligans , Jan Hlavac 20 (Michael Del Zotto, Joonas Donskoi) at 15:06
Penalties :
Craig Cunningham (Chi) for Hooking (Minor) at 4:54, Tyler Kennedy (Chi) for Interference (Minor) at 15:14
Overtime #1
13. Saguenéens , Mason Raymond 19 (Spencer Machacek) at 2:09
Penalties :
No Penalty
Goalie Stats
Mike Smith (Chi), 41 saves from 47 shots - (0,872), W, 17-11-2, 62:09 minutes
Calvin Pickard (Rep), 22 saves from 25 shots - (0,880), OTL, 9-5-1, 39:34 minutes
Anders Lindback (Rep), 9 saves from 13 shots - (0,692), 22:35 minutes
Players Stats for Saguenéens
Player Name G A P +/- PIM S H SB GA TA FO MP PP MP PK MP
------------------------------------------------------------------------------------
Brett Lebda 0 0 0 1 2 0 2 1 1 2 0/0 27:19 0:00 3:54
Brian Sutherby 0 3 3 2 0 4 3 1 0 0 14/24 21:42 0:00 5:23
Craig Cunningham 0 1 1 -1 2 1 0 0 0 0 1/1 12:08 0:00 1:06
Dalton Prout 0 0 0 -2 2 2 0 0 0 0 0/0 21:28 0:00 3:57
Erik Haula 1 0 1 -1 0 5 2 1 0 1 14/33 18:05 0:00 0:00
Juraj Mikus 1 0 1 -1 0 4 3 0 0 0 4/10 12:37 0:00 1:33
Kevin Marshall 0 0 0 1 0 1 1 1 1 0 0/0 28:57 0:00 5:31
Luke Witkowski 0 0 0 3 0 1 0 1 0 1 0/0 13:09 0:00 0:25
Mason Raymond 1 0 1 0 0 3 5 1 1 1 1/1 20:10 0:00 1:02
Oscar Klefbom 0 1 1 3 2 0 0 0 0 0 0/0 13:14 0:00 0:13
Rhett Rakhshani 1 0 1 1 2 2 0 1 0 0 0/0 6:50 0:00 0:00
Rickard Rakell 0 0 0 1 0 0 1 0 0 0 1/3 7:42 0:00 0:45
Roman Josi 0 0 0 -2 0 1 0 0 0 1 0/0 20:28 0:00 2:56
Spencer Machacek 3 1 4 3 0 7 3 1 1 0 0/0 16:59 0:00 1:02
Teemu Pulkkinen 0 1 1 1 0 1 0 0 0 0 0/0 7:47 0:00 0:50
Tim Kennedy 0 2 2 2 0 0 0 0 0 0 1/1 14:54 0:00 0:00
Tyler Kennedy 0 2 2 -1 2 4 1 0 1 0 1/2 23:31 0:00 3:25
Tyler Pitlick 0 0 0 -1 0 2 0 1 1 1 0/0 11:18 0:00 0:00
Players Stats for Mulligans
Player Name G A P +/- PIM S H SB GA TA FO MP PP MP PK MP
------------------------------------------------------------------------------------
Anton Lander 1 0 1 1 0 3 0 0 1 0 6/19 17:57 3:04 0:00
Cade Fairchild 0 0 0 -1 0 0 0 0 0 0 0/0 4:55 0:00 0:00
Cody Goloubef 0 0 0 -1 0 1 0 0 0 0 0/0 4:55 0:00 0:00
Denis Arkhipov 2 0 2 -3 0 7 1 0 0 1 21/35 23:35 5:23 0:00
Drayson Bowman 0 0 0 -3 0 3 1 0 1 0 1/2 18:15 0:05 0:00
Eric Tangradi 0 1 1 1 0 2 2 0 0 0 1/1 17:18 2:59 0:00
Gord Baldwin 0 0 0 0 0 1 0 0 0 1 0/0 9:34 0:00 0:00
Jan Hlavac 1 0 1 0 0 4 0 2 0 0 0/0 10:01 0:00 0:00
Jonathan Tremblay 1 0 1 1 0 5 1 1 0 1 1/1 17:18 2:59 0:00
Joonas Donskoi 0 1 1 0 0 0 1 0 0 0 0/0 8:45 0:00 0:00
Jordan Szwarz 0 1 1 -2 0 1 1 1 0 0 1/3 23:09 5:23 0:00
Logan Shaw 0 0 0 0 0 1 1 1 0 0 0/0 11:35 0:05 0:00
Matt Beleskey 0 1 1 0 0 3 2 0 1 0 1/1 17:30 5:23 0:00
Matt Donovan 0 1 1 0 0 1 1 0 0 0 0/0 9:34 0:00 0:00
Matt Niskanen 0 0 0 -3 0 3 0 2 0 2 0/0 21:27 2:48 0:00
Matt Taormina 0 1 1 2 0 3 1 0 2 1 0/0 26:13 5:39 0:00
Maxime Macenauer 1 0 1 0 0 2 0 0 0 0 3/7 10:10 0:00 0:00
Michael Del Zotto 0 4 4 2 0 2 3 0 1 0 0/0 26:13 5:39 0:00
Thomas Hickey 0 0 0 -3 0 3 1 1 1 0 0/0 21:27 2:48 0:00
Tim Schaller 0 0 0 0 0 2 0 0 0 0 3/6 8:45 0:00 0:00
3 Stars
1 - Spencer Machacek (Chi)
2 - Michael Del Zotto (Rep)
3 - Brian Sutherby (Chi)
Power Play
Saguenéens - 0 on 0 Attempt(s) - 0,00%
Mulligans - 1 on 6 Attempt(s) - 16,67%
Penalty Kill
Saguenéens - 5 on 6 Attempt(s) - 83,33%
- Score 0 goal in Penalty Kill
Mulligans - 0 on 0 Attempt(s) - 0,00%
- Score 0 goal in Penalty Kill
Team Stat
Saguenéens - Hits : 21 - Faceoff Wins : 37 - Blocked Shots : 9 - Penalty Minutes : 12
Mulligans - Hits : 16 - Faceoff Wins : 38 - Blocked Shots : 8 - Penalty Minutes : 0
Official
Referees : Rooney Chris and Kozari Steve
Linesman : Tony Sericolo and Scott Driscoll
Game Notes
Spencer Machacek has scored a Hat Trick!
Calvin Pickard enters game at 2:35 of 2nd period
Finance
Level 1 -- Attendance: 1349 (67,45%) -- Ticket Income 26 980 $
Level 2 -- Attendance: 805 (80,50%) -- Ticket Income 5 635 $
Total Attendance: 2154 (71,80%)
Total Ticket Income: 32 615 $
Other Income: 1 631 $
Total Income: 34 246 $
Saguenéens
5 vs 5 Forward
Center Left Wing Right Wing Time % Phy DF OF
1 Erik Haula Mason Raymond Tyler Kennedy 40 1 2 2
2 Brian Sutherby Tim Kennedy Spencer Machacek 30 1 2 2
3 Juraj Mikus Craig Cunningham Tyler Pitlick 20 1 2 2
4 Rickard Rakell Teemu Pulkkinen Rhett Rakhshani 10 1 2 2
5 vs 5 Defense
Defense Defense Time % Phy DF OF
1 Brett Lebda Kevin Marshall 40 1 2 2
2 Dalton Prout Roman Josi 30 1 2 2
3 Luke Witkowski Oscar Klefbom 20 1 2 2
4 Brett Lebda Kevin Marshall 10 1 2 2
PowerPlay Forward
Center Left Wing Right Wing Time % Phy DF OF
1 Brian Sutherby Mason Raymond Tyler Kennedy 60 1 2 2
2 Erik Haula Tim Kennedy Spencer Machacek 40 1 2 2
PowerPlay Defense
Defense Defense Time % Phy DF OF
1 Brett Lebda Kevin Marshall 60 1 2 2
2 Dalton Prout Roman Josi 40 1 2 2
Penalty Kill 4 Players Forward
Center Wing Time % Phy DF OF
1 Brian Sutherby Tyler Kennedy 60 1 2 2
2 Mason Raymond Spencer Machacek 40 1 2 2
Penalty Kill 4 Players Defense
Defense Defense Time % Phy DF OF
1 Brett Lebda Kevin Marshall 60 1 2 2
2 Dalton Prout Roman Josi 40 1 2 2
Penalty Kill - 3 Players Forward
Forward Time % Phy DF OF
1 Brian Sutherby 60 1 2 2
2 Tyler Kennedy 40 1 2 2
Penalty Kill - 3 Players Defense
Defense Defense Time % Phy DF OF
1 Brett Lebda Kevin Marshall 60 1 2 2
2 Dalton Prout Roman Josi 40 1 2 2
4 vs 4 Forward
Center Wing Time % Phy DF OF
1 Brian Sutherby Tyler Kennedy 60 1 2 2
2 Mason Raymond Spencer Machacek 40 1 2 2
4 vs 4 Defense
Defense Defense Time % Phy DF OF
1 Brett Lebda Kevin Marshall 60 1 2 2
2 Dalton Prout Roman Josi 40 1 2 2
Last Minutes Offensive
Center Left Wing Right Wing Defense Defense
Brian Sutherby Mason Raymond Tyler Kennedy Brett Lebda Kevin Marshall
Last Minutes Defensive
Center Left Wing Right Wing Defense Defense
Brian Sutherby Mason Raymond Tyler Kennedy Brett Lebda Kevin Marshall
Goaltenders
Starting : Mike Smith
Backup : Martin Jones
Extra Forwards
Normal : Tyler Pitlick, Rhett Rakhshani, Juraj Mikus - PP : Tyler Pitlick, Rhett Rakhshani - PK : Juraj Mikus
Extra Defensemen
Normal : Luke Witkowski, Oscar Klefbom, Dalton Prout - PP : Luke Witkowski - PK : Oscar Klefbom, Dalton Prout
Penalty Shots
Brian Sutherby, Tyler Kennedy, Mason Raymond, Spencer Machacek, Erik Haula
Mulligans
5 vs 5 Forward
Center Left Wing Right Wing Time % Phy DF OF
1 Denis Arkhipov Drayson Bowman Jordan Szwarz 35 1 2 2
2 Anton Lander Eric Tangradi Jonathan Tremblay 30 0 3 2
3 Maxime Macenauer Matt Beleskey Logan Shaw 20 0 3 2
4 Tim Schaller Jan Hlavac Joonas Donskoi 15 0 3 2
5 vs 5 Defense
Defense Defense Time % Phy DF OF
1 Michael Del Zotto Matt Taormina 36 0 4 1
2 Thomas Hickey Matt Niskanen 34 1 3 1
3 Gord Baldwin Matt Donovan 20 1 4 0
4 Cade Fairchild Cody Goloubef 10 1 3 1
PowerPlay Forward
Center Left Wing Right Wing Time % Phy DF OF
1 Denis Arkhipov Matt Beleskey Jordan Szwarz 60 1 0 4
2 Anton Lander Eric Tangradi Jonathan Tremblay 40 1 0 4
PowerPlay Defense
Defense Defense Time % Phy DF OF
1 Michael Del Zotto Matt Taormina 55 1 1 3
2 Thomas Hickey Matt Niskanen 45 0 2 3
Penalty Kill 4 Players Forward
Center Wing Time % Phy DF OF
1 Tim Schaller Jan Hlavac 60 0 4 1
2 Anton Lander Drayson Bowman 40 0 4 1
Penalty Kill 4 Players Defense
Defense Defense Time % Phy DF OF
1 Matt Donovan Gord Baldwin 60 1 4 0
2 Cody Goloubef Cade Fairchild 40 1 4 0
Penalty Kill - 3 Players Forward
Forward Time % Phy DF OF
1 Jan Hlavac 60 1 4 0
2 Anton Lander 40 1 4 0
Penalty Kill - 3 Players Defense
Defense Defense Time % Phy DF OF
1 Matt Donovan Gord Baldwin 60 1 2 2
2 Cade Fairchild Cody Goloubef 40 1 2 2
4 vs 4 Forward
Center Wing Time % Phy DF OF
1 Denis Arkhipov Drayson Bowman 60 0 2 3
2 Anton Lander Matt Beleskey 40 1 2 2
4 vs 4 Defense
Defense Defense Time % Phy DF OF
1 Michael Del Zotto Matt Taormina 60 0 3 2
2 Thomas Hickey Matt Niskanen 40 0 3 2
Last Minutes Offensive
Center Left Wing Right Wing Defense Defense
Denis Arkhipov Matt Beleskey Jonathan Tremblay Michael Del Zotto Matt Taormina
Last Minutes Defensive
Center Left Wing Right Wing Defense Defense
Anton Lander Jan Hlavac Jonathan Tremblay Matt Taormina Matt Donovan
Goaltenders
Starting : Anders Lindback
Backup : Calvin Pickard
Extra Forwards
Normal : Drayson Bowman, Jordan Szwarz, Matt Beleskey - PP : Drayson Bowman, Jordan Szwarz - PK : Maxime Macenauer
Extra Defensemen
Normal : Matt Donovan, Cody Goloubef, Cade Fairchild - PP : Matt Donovan - PK : Cody Goloubef, Cade Fairchild
Penalty Shots
Jan Hlavac, Maxime Macenauer, Denis Arkhipov, Matt Beleskey, Jonathan Tremblay
% Time on Ice - Saguenéens
Lines # - Real PCT - Wanted PCT - Time Play
Normal Forward
1 - 37% - 40% - 18:51
2 - 31% - 30% - 15:44
3 - 21% - 20% - 10:41
4 - 12% - 10% - 6:17
Normal Defense
1 - 38% - 40% - 19:50
2 - 32% - 30% - 16:43
3 - 25% - 20% - 12:44
4 - 4% - 10% - 2:16
PP Forward
1 - 0% - 60%
2 - 0% - 40%
PP Defense
1 - 0% - 60%
2 - 0% - 40%
PK Forward
1 - 84% - 60% - 5:37
2 - 16% - 40% - 1:05
PK Defense
1 - 62% - 60% - 4:11
2 - 38% - 40% - 2:31
PK3 Forward
1 - 79% - 60% - 1:23
2 - 21% - 40% - 0:22
PK3 Defense
1 - 100% - 60% - 1:45
2 - 0% - 40% - 0:00
44 Forward
1 - 77% - 60% - 1:39
2 - 23% - 40% - 0:30
44 Defense
1 - 62% - 60% - 1:20
2 - 38% - 40% - 0:49
Last Minute Offensive - 0:00
Last Minute Defensive - 0:00
Total
Forward - 62:09
Defense - 62:09
|
% Time on Ice - Mulligans
Lines # - Real PCT - Wanted PCT - Time Play
Normal Forward
1 - 33% - 35% - 17:14
2 - 30% - 30% - 15:24
3 - 20% - 20% - 10:10
4 - 17% - 15% - 8:45
Normal Defense
1 - 37% - 36% - 19:04
2 - 35% - 34% - 18:00
3 - 19% - 20% - 9:34
4 - 10% - 10% - 4:55
PP Forward
1 - 64% - 60% - 5:23
2 - 36% - 40% - 3:04
PP Defense
1 - 67% - 55% - 5:39
2 - 33% - 45% - 2:48
PK Forward
1 - 0% - 60%
2 - 0% - 40%
PK Defense
1 - 0% - 60%
2 - 0% - 40%
PK3 Forward
1 - 0% - 60%
2 - 0% - 40%
PK3 Defense
1 - 0% - 60%
2 - 0% - 40%
44 Forward
1 - 86% - 60% - 1:51
2 - 14% - 40% - 0:18
44 Defense
1 - 70% - 60% - 1:30
2 - 30% - 40% - 0:39
Last Minute Offensive - 0:00
Last Minute Defensive - 0:00
Total
Forward - 62:09
Defense - 62:09
|
Play by Play
1st period
0:01 of 1st period - Erik Haula wins face-off versus Denis Arkhipov in neutral zone.
0:37 of 1st period - Jonathan Tremblay is hit by Spencer Machacek and loses puck.
0:52 of 1st period - Slapshot by Matt Taormina.
0:52 of 1st period - Shot Blocked by Tyler Pitlick.
0:54 of 1st period - Backhand shot by Matt Taormina.
0:54 of 1st period - Deflect By Tyler Pitlick.
0:54 of 1st period - Stopped by Mike Smith without a rebound.
0:55 of 1st period - Tim Schaller wins face-off versus Rickard Rakell in Saguenéens zone.
1:43 of 1st period - Dalton Prout is hit by Matt Beleskey and loses puck.
2:28 of 1st period - Wrist shot by Tim Schaller.
2:28 of 1st period - Shot Misses the Net.
2:30 of 1st period - Slapshot by Matt Taormina.
2:30 of 1st period - Deflect By Roman Josi.
2:30 of 1st period - Stopped by Mike Smith without a rebound.
2:31 of 1st period - Erik Haula wins face-off versus Tim Schaller in Saguenéens zone.
2:58 of 1st period - Wrist shot by Jan Hlavac.
2:58 of 1st period - Stopped by Mike Smith without a rebound.
2:59 of 1st period - Denis Arkhipov wins face-off versus Juraj Mikus in Saguenéens zone.
3:00 of 1st period - Slapshot by Drayson Bowman.
3:00 of 1st period - Stopped by Mike Smith with a rebound.
3:45 of 1st period - Slapshot by Matt Niskanen.
3:45 of 1st period - Stopped by Mike Smith with a rebound.
3:51 of 1st period - Maxime Macenauer is hit by Mason Raymond and loses puck.
4:09 of 1st period - Snap shot by Tim Schaller.
4:09 of 1st period - Stopped by Mike Smith without a rebound.
4:10 of 1st period - Denis Arkhipov wins face-off versus Juraj Mikus in Saguenéens zone.
4:19 of 1st period - Snap shot by Jordan Szwarz.
4:19 of 1st period - Shot Misses the Net.
4:21 of 1st period - Slapshot by Gord Baldwin.
4:21 of 1st period - Shot Misses the Net.
4:23 of 1st period - Slapshot by Gord Baldwin.
4:23 of 1st period - Shot Misses the Net.
4:25 of 1st period - Slapshot by Gord Baldwin.
4:25 of 1st period - Stopped by Mike Smith with a rebound.
4:41 of 1st period - Slapshot by Michael Del Zotto.
4:41 of 1st period - Stopped by Mike Smith with a rebound.
4:57 of 1st period - Juraj Mikus is hit by Joonas Donskoi and loses puck.
5:08 of 1st period - Slapshot by Jan Hlavac.
5:08 of 1st period - Shot Misses the Net.
5:10 of 1st period - Slapshot by Cody Goloubef.
5:10 of 1st period - Shot Misses the Net.
5:29 of 1st period - Slapshot by Jonathan Tremblay.
5:29 of 1st period - Stopped by Mike Smith without a rebound.
5:30 of 1st period - Denis Arkhipov wins face-off versus Brian Sutherby in Saguenéens zone.
5:46 of 1st period - Snap shot by Spencer Machacek.
5:46 of 1st period - Deflect By Matt Donovan.
5:46 of 1st period - Goal by Spencer Machacek - Saguenéens : 1 - Mulligans : 0.
5:47 of 1st period - Eric Tangradi wins face-off versus Erik Haula in neutral zone.
6:12 of 1st period - Michael Del Zotto is hit by Spencer Machacek and loses puck.
6:23 of 1st period - Snap shot by Spencer Machacek.
6:23 of 1st period - Goal by Spencer Machacek - Saguenéens : 2 - Mulligans : 0.
6:24 of 1st period - Denis Arkhipov wins face-off versus Erik Haula in neutral zone.
6:31 of 1st period - Snap shot by Drayson Bowman.
6:31 of 1st period - Stopped by Mike Smith with a rebound.
6:33 of 1st period - Snap shot by Matt Niskanen.
6:33 of 1st period - Deflect By Drayson Bowman.
6:33 of 1st period - Stopped by Mike Smith with a rebound.
6:35 of 1st period - Wrist shot by Thomas Hickey.
6:35 of 1st period - Stopped by Mike Smith with a rebound.
6:37 of 1st period - Wrist shot by Denis Arkhipov.
6:37 of 1st period - Stopped by Mike Smith with a rebound.
6:39 of 1st period - Slapshot by Thomas Hickey.
6:39 of 1st period - Shot Misses the Net.
7:12 of 1st period - Matt Niskanen is hit by Mason Raymond and loses puck.
7:37 of 1st period - Slapshot by Thomas Hickey.
7:37 of 1st period - Stopped by Mike Smith with a rebound.
7:45 of 1st period - Snap shot by Matt Beleskey.
7:45 of 1st period - Stopped by Mike Smith without a rebound.
7:46 of 1st period - Tim Kennedy wins face-off versus Anton Lander in Saguenéens zone.
7:46 of 1st period - Tim Kennedy is hit by Matt Donovan.
8:39 of 1st period - Snap shot by Tim Schaller.
8:39 of 1st period - Stopped by Mike Smith without a rebound.
8:40 of 1st period - Brian Sutherby wins face-off versus Anton Lander in Saguenéens zone.
9:18 of 1st period - Snap shot by Denis Arkhipov.
9:18 of 1st period - Stopped by Mike Smith with a rebound.
9:20 of 1st period - Slapshot by Denis Arkhipov.
9:20 of 1st period - Stopped by Mike Smith without a rebound.
9:21 of 1st period - Brian Sutherby wins face-off versus Maxime Macenauer in Saguenéens zone.
9:21 of 1st period - Brian Sutherby is hit by Logan Shaw.
9:32 of 1st period - Wrist shot by Brian Sutherby.
9:32 of 1st period - Deflect By Matt Beleskey.
9:32 of 1st period - Shot Misses the Net.
9:32 of 1st period - Puck is out of play.
9:33 of 1st period - Denis Arkhipov wins face-off versus Erik Haula in Mulligans zone.
10:03 of 1st period - Teemu Pulkkinen is hit by Jonathan Tremblay and loses puck.
10:18 of 1st period - Wrist shot by Juraj Mikus.
10:18 of 1st period - Shot Misses the Net.
10:20 of 1st period - Slapshot by Roman Josi.
10:20 of 1st period - Stopped by Anders Lindback with a rebound.
10:22 of 1st period - Slapshot by Luke Witkowski.
10:22 of 1st period - Stopped by Anders Lindback with a rebound.
10:24 of 1st period - Wrist shot by Craig Cunningham.
10:24 of 1st period - Stopped by Anders Lindback with a rebound.
10:28 of 1st period - Snap shot by Tyler Pitlick.
10:28 of 1st period - Stopped by Anders Lindback without a rebound.
10:29 of 1st period - Erik Haula wins face-off versus Denis Arkhipov in Mulligans zone.
10:55 of 1st period - Wrist shot by Rhett Rakhshani.
10:55 of 1st period - Stopped by Anders Lindback without a rebound.
10:56 of 1st period - Anton Lander wins face-off versus Rickard Rakell in Mulligans zone.
11:21 of 1st period - Kevin Marshall is hit by Matt Beleskey and loses puck.
12:08 of 1st period - Wrist shot by Juraj Mikus.
12:08 of 1st period - Shot Blocked by Jan Hlavac.
12:12 of 1st period - Wrist shot by Juraj Mikus.
12:12 of 1st period - Stopped by Anders Lindback without a rebound.
12:13 of 1st period - Erik Haula wins face-off versus Anton Lander in Mulligans zone.
12:16 of 1st period - Wrist shot by Mason Raymond.
12:16 of 1st period - Stopped by Anders Lindback with a rebound.
12:54 of 1st period - Icing by Spencer Machacek.
12:55 of 1st period - Juraj Mikus wins face-off versus Maxime Macenauer in Saguenéens zone.
13:08 of 1st period - Wrist shot by Tyler Pitlick.
13:08 of 1st period - Deflect By Craig Cunningham.
13:08 of 1st period - Shot Blocked by Matt Niskanen.
13:08 of 1st period - Puck is out of play.
13:09 of 1st period - Erik Haula wins face-off versus Anton Lander in Mulligans zone.
13:23 of 1st period - Backhand shot by Brett Lebda.
13:23 of 1st period - Shot Misses the Net.
14:43 of 1st period - Wrist shot by Jonathan Tremblay.
14:43 of 1st period - Goal by Jonathan Tremblay - Saguenéens : 2 - Mulligans : 1.
14:44 of 1st period - Anton Lander wins face-off versus Erik Haula in neutral zone.
14:46 of 1st period - Matt Niskanen is hit by Kevin Marshall and loses puck.
15:09 of 1st period - Brett Lebda is hit by Denis Arkhipov and loses puck.
15:16 of 1st period - Thomas Hickey is hit by Brian Sutherby and loses puck.
15:46 of 1st period - Minor Penalty to Rhett Rakhshani for Hooking.
15:47 of 1st period - Denis Arkhipov wins face-off versus Brian Sutherby in Saguenéens zone.
15:56 of 1st period - Snap shot by Brian Sutherby.
15:56 of 1st period - Shot Misses the Net.
15:58 of 1st period - Wrist shot by Tyler Kennedy.
15:58 of 1st period - Deflect By Brian Sutherby.
15:58 of 1st period - Stopped by Anders Lindback without a rebound.
15:59 of 1st period - Brian Sutherby wins face-off versus Denis Arkhipov in Mulligans zone.
16:00 of 1st period - Snap shot by Tyler Kennedy.
16:00 of 1st period - Stopped by Anders Lindback with a rebound.
16:05 of 1st period - Icing by Michael Del Zotto.
16:06 of 1st period - Matt Beleskey wins face-off versus Brian Sutherby in Mulligans zone.
16:06 of 1st period - Matt Beleskey is hit by Brian Sutherby.
16:32 of 1st period - Matt Taormina is hit by Brett Lebda and loses puck.
16:53 of 1st period - Snap shot by Matt Taormina.
16:53 of 1st period - Shot Misses the Net.
16:59 of 1st period - Wrist shot by Denis Arkhipov.
16:59 of 1st period - Shot Blocked by Kevin Marshall.
17:46 of 1st period - Penalty to Rhett Rakhshani is over, Rhett Rakhshani is back on ice.
17:59 of 1st period - Snap shot by Rhett Rakhshani.
17:59 of 1st period - Goal by Rhett Rakhshani - Saguenéens : 3 - Mulligans : 1.
18:00 of 1st period - Jonathan Tremblay wins face-off versus Juraj Mikus in neutral zone.
18:03 of 1st period - Wrist shot by Anton Lander.
18:03 of 1st period - Stopped by Mike Smith with a rebound.
18:05 of 1st period - Slapshot by Thomas Hickey.
18:05 of 1st period - Stopped by Mike Smith with a rebound.
18:07 of 1st period - Snap shot by Jonathan Tremblay.
18:07 of 1st period - Stopped by Mike Smith without a rebound.
18:08 of 1st period - Craig Cunningham wins face-off versus Anton Lander in Saguenéens zone.
18:44 of 1st period - Snap shot by Eric Tangradi.
18:44 of 1st period - Stopped by Mike Smith without a rebound.
18:45 of 1st period - Erik Haula wins face-off versus Denis Arkhipov in Saguenéens zone.
18:50 of 1st period - Backhand shot by Denis Arkhipov.
18:50 of 1st period - Goal by Denis Arkhipov - Saguenéens : 3 - Mulligans : 2.
18:51 of 1st period - Denis Arkhipov wins face-off versus Tyler Kennedy in neutral zone.
19:12 of 1st period - Minor Penalty to Brett Lebda for Holding.
19:13 of 1st period - Brian Sutherby wins face-off versus Denis Arkhipov in Saguenéens zone.
19:26 of 1st period - Minor Penalty to Oscar Klefbom for Hooking.
19:27 of 1st period - Brian Sutherby wins face-off versus Denis Arkhipov in Saguenéens zone.
19:54 of 1st period - Kevin Marshall is hit by Eric Tangradi and loses puck.
Goals for this period are 3 for Saguenéens vs 2 for Mulligans.
Shots for this period are 12 for Saguenéens vs 24 for Mulligans.
2nd period
0:01 of 2nd period - Denis Arkhipov wins face-off versus Brian Sutherby in neutral zone.
0:31 of 2nd period - Snap shot by Anton Lander.
0:31 of 2nd period - Stopped by Mike Smith with a rebound.
0:33 of 2nd period - Slapshot by Matt Niskanen.
0:33 of 2nd period - Deflect By Eric Tangradi.
0:33 of 2nd period - Stopped by Mike Smith with a rebound.
0:35 of 2nd period - Snap shot by Jonathan Tremblay.
0:35 of 2nd period - Stopped by Mike Smith with a rebound.
1:09 of 2nd period - Luke Witkowski is hit by Matt Taormina and loses puck.
1:12 of 2nd period - Penalty to Brett Lebda is over, Brett Lebda is back on ice.
1:26 of 2nd period - Penalty to Oscar Klefbom is over, Oscar Klefbom is back on ice.
1:40 of 2nd period - Slapshot by Tim Schaller.
1:40 of 2nd period - Shot Blocked by Spencer Machacek.
1:42 of 2nd period - Slapshot by Matt Donovan.
1:42 of 2nd period - Stopped by Mike Smith without a rebound.
1:43 of 2nd period - Tim Schaller wins face-off versus Juraj Mikus in Saguenéens zone.
1:50 of 2nd period - Tim Schaller is hit by Juraj Mikus and loses puck.
2:35 of 2nd period - Slapshot by Spencer Machacek.
2:35 of 2nd period - Goal by Spencer Machacek - Saguenéens : 4 - Mulligans : 2.
2:35 of 2nd period - Calvin Pickard enters game.
2:36 of 2nd period - Denis Arkhipov wins face-off versus Erik Haula in neutral zone.
3:03 of 2nd period - Brian Sutherby is hit by Eric Tangradi and loses puck.
3:12 of 2nd period - Wrist shot by Brian Sutherby.
3:12 of 2nd period - Stopped by Calvin Pickard with a rebound.
3:14 of 2nd period - Slapshot by Tim Kennedy.
3:14 of 2nd period - Deflect By Brian Sutherby.
3:14 of 2nd period - Stopped by Calvin Pickard without a rebound.
3:15 of 2nd period - Erik Haula wins face-off versus Maxime Macenauer in Mulligans zone.
3:59 of 2nd period - Minor Penalty to Dalton Prout for Slashing.
4:00 of 2nd period - Denis Arkhipov wins face-off versus Brian Sutherby in Saguenéens zone.
4:00 of 2nd period - Snap shot by Matt Beleskey.
4:00 of 2nd period - Shot Misses the Net.
4:12 of 2nd period - Slapshot by Michael Del Zotto.
4:12 of 2nd period - Shot Blocked by Brett Lebda.
4:14 of 2nd period - Wrist shot by Jordan Szwarz.
4:14 of 2nd period - Shot Misses the Net.
4:16 of 2nd period - Snap shot by Denis Arkhipov.
4:16 of 2nd period - Goal by Denis Arkhipov - Saguenéens : 4 - Mulligans : 3.
4:17 of 2nd period - Anton Lander wins face-off versus Erik Haula in neutral zone.
5:01 of 2nd period - Slapshot by Tyler Kennedy.
5:01 of 2nd period - Shot Misses the Net.
5:05 of 2nd period - Slapshot by Erik Haula.
5:05 of 2nd period - Stopped by Calvin Pickard with a rebound.
5:25 of 2nd period - Wrist shot by Maxime Macenauer.
5:25 of 2nd period - Shot Blocked by Erik Haula.
5:27 of 2nd period - Slapshot by Matt Taormina.
5:27 of 2nd period - Stopped by Mike Smith with a rebound.
5:29 of 2nd period - Slapshot by Michael Del Zotto.
5:29 of 2nd period - Shot Blocked by Luke Witkowski.
5:31 of 2nd period - Wrist shot by Matt Beleskey.
5:31 of 2nd period - Stopped by Mike Smith with a rebound.
5:33 of 2nd period - Backhand shot by Maxime Macenauer.
5:33 of 2nd period - Stopped by Mike Smith without a rebound.
5:34 of 2nd period - Denis Arkhipov wins face-off versus Brian Sutherby in Saguenéens zone.
6:27 of 2nd period - Snap shot by Rhett Rakhshani.
6:27 of 2nd period - Shot Blocked by Thomas Hickey.
6:29 of 2nd period - Wrist shot by Brett Lebda.
6:29 of 2nd period - Shot Blocked by Matt Niskanen.
6:58 of 2nd period - Slapshot by Matt Niskanen.
6:58 of 2nd period - Stopped by Mike Smith with a rebound.
8:14 of 2nd period - Icing by Brian Sutherby.
8:15 of 2nd period - Brian Sutherby wins face-off versus Anton Lander in Saguenéens zone.
8:37 of 2nd period - Icing by Luke Witkowski.
8:38 of 2nd period - Denis Arkhipov wins face-off versus Erik Haula in Saguenéens zone.
8:53 of 2nd period - Wrist shot by Tyler Kennedy.
8:53 of 2nd period - Shot Misses the Net.
9:22 of 2nd period - Snap shot by Tyler Kennedy.
9:22 of 2nd period - Shot Misses the Net.
9:47 of 2nd period - Off-side.
9:48 of 2nd period - Juraj Mikus wins face-off versus Tim Schaller in neutral zone.
9:57 of 2nd period - Snap shot by Tyler Pitlick.
9:57 of 2nd period - Stopped by Calvin Pickard without a rebound.
9:58 of 2nd period - Brian Sutherby wins face-off versus Drayson Bowman in Mulligans zone.
10:01 of 2nd period - Slapshot by Spencer Machacek.
10:01 of 2nd period - Stopped by Calvin Pickard with a rebound.
10:06 of 2nd period - Icing by Denis Arkhipov.
10:07 of 2nd period - Brian Sutherby wins face-off versus Denis Arkhipov in Mulligans zone.
10:12 of 2nd period - Snap shot by Spencer Machacek.
10:12 of 2nd period - Shot Blocked by Jordan Szwarz.
11:07 of 2nd period - Snap shot by Denis Arkhipov.
11:07 of 2nd period - Shot Misses the Net.
11:13 of 2nd period - Wrist shot by Denis Arkhipov.
11:13 of 2nd period - Stopped by Mike Smith with a rebound.
11:25 of 2nd period - Snap shot by Spencer Machacek.
11:25 of 2nd period - Stopped by Calvin Pickard without a rebound.
11:26 of 2nd period - Erik Haula wins face-off versus Anton Lander in Mulligans zone.
11:35 of 2nd period - Snap shot by Erik Haula.
11:35 of 2nd period - Stopped by Calvin Pickard without a rebound.
11:36 of 2nd period - Erik Haula wins face-off versus Anton Lander in Mulligans zone.
11:46 of 2nd period - Slapshot by Tyler Kennedy.
11:46 of 2nd period - Stopped by Calvin Pickard with a rebound.
11:48 of 2nd period - Slapshot by Erik Haula.
11:48 of 2nd period - Stopped by Calvin Pickard with a rebound.
11:56 of 2nd period - Snap shot by Mason Raymond.
11:56 of 2nd period - Stopped by Calvin Pickard with a rebound.
11:58 of 2nd period - Slapshot by Tyler Kennedy.
11:58 of 2nd period - Stopped by Calvin Pickard without a rebound.
11:59 of 2nd period - Juraj Mikus wins face-off versus Maxime Macenauer in Mulligans zone.
13:32 of 2nd period - Backhand shot by Juraj Mikus.
13:32 of 2nd period - Stopped by Calvin Pickard with a rebound.
14:08 of 2nd period - Cody Goloubef is hit by Rickard Rakell and loses puck.
14:21 of 2nd period - Gord Baldwin is hit by Brian Sutherby and loses puck.
14:27 of 2nd period - Icing by Jonathan Tremblay.
14:28 of 2nd period - Erik Haula wins face-off versus Anton Lander in Mulligans zone.
14:31 of 2nd period - Snap shot by Tyler Kennedy.
14:31 of 2nd period - Deflect By Mason Raymond.
14:31 of 2nd period - Shot Blocked by Jonathan Tremblay.
14:31 of 2nd period - Puck is out of play.
14:32 of 2nd period - Denis Arkhipov wins face-off versus Erik Haula in Mulligans zone.
14:39 of 2nd period - Jordan Szwarz is hit by Erik Haula and loses puck.
15:21 of 2nd period - Thomas Hickey is hit by Juraj Mikus and loses puck.
15:57 of 2nd period - Off-side.
15:58 of 2nd period - Denis Arkhipov wins face-off versus Brian Sutherby in neutral zone.
16:03 of 2nd period - Wrist shot by Denis Arkhipov.
16:03 of 2nd period - Stopped by Mike Smith with a rebound.
16:05 of 2nd period - Snap shot by Jordan Szwarz.
16:05 of 2nd period - Stopped by Mike Smith with a rebound.
16:13 of 2nd period - Snap shot by Jordan Szwarz.
16:13 of 2nd period - Shot Hit the Post.
16:23 of 2nd period - Eric Tangradi is hit by Tyler Kennedy and loses puck.
16:46 of 2nd period - Snap shot by Juraj Mikus.
16:46 of 2nd period - Stopped by Calvin Pickard with a rebound.
16:48 of 2nd period - Wrist shot by Brett Lebda.
16:48 of 2nd period - Shot Misses the Net.
17:12 of 2nd period - Wrist shot by Teemu Pulkkinen.
17:12 of 2nd period - Stopped by Calvin Pickard with a rebound.
17:29 of 2nd period - Snap shot by Brian Sutherby.
17:29 of 2nd period - Shot Blocked by Logan Shaw.
17:31 of 2nd period - Snap shot by Spencer Machacek.
17:31 of 2nd period - Stopped by Calvin Pickard without a rebound.
17:32 of 2nd period - Erik Haula wins face-off versus Anton Lander in Mulligans zone.
17:41 of 2nd period - Snap shot by Erik Haula.
17:41 of 2nd period - Stopped by Calvin Pickard without a rebound.
17:42 of 2nd period - Anton Lander wins face-off versus Erik Haula in Mulligans zone.
17:49 of 2nd period - Slapshot by Erik Haula.
17:49 of 2nd period - Goal by Erik Haula - Saguenéens : 5 - Mulligans : 3.
17:50 of 2nd period - Denis Arkhipov wins face-off versus Erik Haula in neutral zone.
18:17 of 2nd period - Kevin Marshall is hit by Thomas Hickey and loses puck.
19:00 of 2nd period - Wrist shot by Matt Beleskey.
19:00 of 2nd period - Stopped by Mike Smith without a rebound.
19:01 of 2nd period - Maxime Macenauer wins face-off versus Erik Haula in Saguenéens zone.
19:04 of 2nd period - Wrist shot by Maxime Macenauer.
19:04 of 2nd period - Shot Blocked by Mason Raymond.
19:06 of 2nd period - Slapshot by Matt Niskanen.
19:06 of 2nd period - Stopped by Mike Smith without a rebound.
19:07 of 2nd period - Erik Haula wins face-off versus Denis Arkhipov in Saguenéens zone.
19:54 of 2nd period - Snap shot by Juraj Mikus.
19:54 of 2nd period - Goal by Juraj Mikus - Saguenéens : 6 - Mulligans : 3.
19:55 of 2nd period - Denis Arkhipov wins face-off versus Erik Haula in neutral zone.
Goals for this period are 3 for Saguenéens vs 1 for Mulligans.
Shots for this period are 19 for Saguenéens vs 14 for Mulligans.
3rd period
0:01 of 3rd period - Denis Arkhipov wins face-off versus Erik Haula in neutral zone.
0:26 of 3rd period - Jonathan Tremblay is hit by Brett Lebda and loses puck.
0:33 of 3rd period - Snap shot by Brian Sutherby.
0:33 of 3rd period - Shot Misses the Net.
0:35 of 3rd period - Snap shot by Brian Sutherby.
0:35 of 3rd period - Stopped by Calvin Pickard without a rebound.
0:36 of 3rd period - Denis Arkhipov wins face-off versus Brian Sutherby in Mulligans zone.
0:44 of 3rd period - Matt Niskanen is hit by Spencer Machacek and loses puck.
1:08 of 3rd period - Wrist shot by Jonathan Tremblay.
1:08 of 3rd period - Stopped by Mike Smith without a rebound.
1:09 of 3rd period - Anton Lander wins face-off versus Erik Haula in Saguenéens zone.
1:09 of 3rd period - Anton Lander is hit by Mason Raymond.
1:17 of 3rd period - Jonathan Tremblay is hit by Mason Raymond.
2:26 of 3rd period - Wrist shot by Denis Arkhipov.
2:26 of 3rd period - Deflect By Drayson Bowman.
2:26 of 3rd period - Shot Misses the Net.
2:26 of 3rd period - Puck is out of play.
2:27 of 3rd period - Anton Lander wins face-off versus Erik Haula in Saguenéens zone.
3:01 of 3rd period - Brett Lebda is hit by Michael Del Zotto and loses puck.
4:09 of 3rd period - Off-side.
4:10 of 3rd period - Brian Sutherby wins face-off versus Anton Lander in neutral zone.
4:54 of 3rd period - Minor Penalty to Craig Cunningham for Hooking.
4:55 of 3rd period - Denis Arkhipov wins face-off versus Brian Sutherby in Saguenéens zone.
5:07 of 3rd period - Slapshot by Michael Del Zotto.
5:07 of 3rd period - Stopped by Mike Smith with a rebound.
6:11 of 3rd period - Icing by Denis Arkhipov.
6:12 of 3rd period - Juraj Mikus wins face-off versus Denis Arkhipov in Mulligans zone.
6:19 of 3rd period - Slapshot by Kevin Marshall.
6:19 of 3rd period - Stopped by Calvin Pickard without a rebound.
6:20 of 3rd period - Brian Sutherby wins face-off versus Anton Lander in Mulligans zone.
6:21 of 3rd period - Wrist shot by Tyler Kennedy.
6:21 of 3rd period - Stopped by Calvin Pickard with a rebound.
6:53 of 3rd period - Wrist shot by Denis Arkhipov.
6:53 of 3rd period - Shot Misses the Net.
6:54 of 3rd period - Penalty to Craig Cunningham is over, Craig Cunningham is back on ice.
7:03 of 3rd period - Snap shot by Spencer Machacek.
7:03 of 3rd period - Stopped by Calvin Pickard with a rebound.
7:05 of 3rd period - Wrist shot by Mason Raymond.
7:05 of 3rd period - Shot Hit the Post.
7:07 of 3rd period - Slapshot by Dalton Prout.
7:07 of 3rd period - Stopped by Calvin Pickard with a rebound.
7:09 of 3rd period - Slapshot by Dalton Prout.
7:09 of 3rd period - Stopped by Calvin Pickard without a rebound.
7:10 of 3rd period - Rickard Rakell wins face-off versus Tim Schaller in Mulligans zone.
7:25 of 3rd period - Slapshot by Rickard Rakell.
7:25 of 3rd period - Shot Misses the Net.
7:35 of 3rd period - Erik Haula is hit by Michael Del Zotto and loses puck.
8:03 of 3rd period - Kevin Marshall is hit by Jordan Szwarz and loses puck.
8:21 of 3rd period - Icing by Logan Shaw.
8:22 of 3rd period - Maxime Macenauer wins face-off versus Juraj Mikus in Mulligans zone.
8:22 of 3rd period - Maxime Macenauer is hit by Juraj Mikus.
8:56 of 3rd period - Wrist shot by Maxime Macenauer.
8:56 of 3rd period - Goal by Maxime Macenauer - Saguenéens : 6 - Mulligans : 4.
8:57 of 3rd period - Jordan Szwarz wins face-off versus Erik Haula in neutral zone.
9:52 of 3rd period - Snap shot by Tyler Pitlick.
9:52 of 3rd period - Shot Misses the Net.
9:54 of 3rd period - Snap shot by Craig Cunningham.
9:54 of 3rd period - Deflect By Tyler Pitlick.
9:54 of 3rd period - Shot Blocked by Jan Hlavac.
9:54 of 3rd period - Puck is out of play.
9:55 of 3rd period - Denis Arkhipov wins face-off versus Erik Haula in Mulligans zone.
10:06 of 3rd period - Mason Raymond is hit by Drayson Bowman and loses puck.
10:21 of 3rd period - Roman Josi is hit by Michael Del Zotto and loses puck.
10:26 of 3rd period - Snap shot by Eric Tangradi.
10:26 of 3rd period - Shot Blocked by Brian Sutherby.
10:28 of 3rd period - Slapshot by Anton Lander.
10:28 of 3rd period - Goal by Anton Lander - Saguenéens : 6 - Mulligans : 5.
10:29 of 3rd period - Erik Haula wins face-off versus Denis Arkhipov in neutral zone.
10:31 of 3rd period - Off-side.
10:32 of 3rd period - Tyler Kennedy wins face-off versus Jordan Szwarz in neutral zone.
10:44 of 3rd period - Michael Del Zotto is hit by Erik Haula and loses puck.
11:47 of 3rd period - Off-side.
11:48 of 3rd period - Erik Haula wins face-off versus Denis Arkhipov in neutral zone.
12:19 of 3rd period - Snap shot by Jonathan Tremblay.
12:19 of 3rd period - Shot Misses the Net.
12:21 of 3rd period - Snap shot by Cody Goloubef.
12:21 of 3rd period - Deflect By Brian Sutherby.
12:21 of 3rd period - Stopped by Mike Smith with a rebound.
12:23 of 3rd period - Backhand shot by Eric Tangradi.
12:23 of 3rd period - Shot Hit the Post.
13:07 of 3rd period - Snap shot by Oscar Klefbom.
13:07 of 3rd period - Shot Misses the Net.
13:31 of 3rd period - Snap shot by Denis Arkhipov.
13:31 of 3rd period - Shot Misses the Net.
13:50 of 3rd period - Snap shot by Eric Tangradi.
13:50 of 3rd period - Shot Blocked by Rhett Rakhshani.
14:11 of 3rd period - Icing by Michael Del Zotto.
14:12 of 3rd period - Tim Schaller wins face-off versus Erik Haula in Mulligans zone.
14:12 of 3rd period - Tim Schaller is hit by Mason Raymond.
14:38 of 3rd period - Snap shot by Tim Schaller.
14:38 of 3rd period - Shot Misses the Net.
14:58 of 3rd period - Wrist shot by Tim Schaller.
14:58 of 3rd period - Deflect By Jan Hlavac.
14:58 of 3rd period - Stopped by Mike Smith with a rebound.
15:00 of 3rd period - Slapshot by Joonas Donskoi.
15:00 of 3rd period - Shot Misses the Net.
15:02 of 3rd period - Slapshot by Michael Del Zotto.
15:02 of 3rd period - Shot Misses the Net.
15:04 of 3rd period - Slapshot by Jan Hlavac.
15:04 of 3rd period - Stopped by Mike Smith with a rebound.
15:06 of 3rd period - Snap shot by Jan Hlavac.
15:06 of 3rd period - Goal by Jan Hlavac - Saguenéens : 6 - Mulligans : 6.
15:07 of 3rd period - Maxime Macenauer wins face-off versus Erik Haula in neutral zone.
15:14 of 3rd period - Minor Penalty to Tyler Kennedy for Interference.
15:15 of 3rd period - Brian Sutherby wins face-off versus Denis Arkhipov in Saguenéens zone.
17:14 of 3rd period - Penalty to Tyler Kennedy is over, Tyler Kennedy is back on ice.
17:53 of 3rd period - Off-side.
17:54 of 3rd period - Brian Sutherby wins face-off versus Anton Lander in neutral zone.
18:34 of 3rd period - Wrist shot by Jan Hlavac.
18:34 of 3rd period - Deflect By Logan Shaw.
18:34 of 3rd period - Stopped by Mike Smith without a rebound.
18:35 of 3rd period - Denis Arkhipov wins face-off versus Juraj Mikus in Saguenéens zone.
Goals for this period are 0 for Saguenéens vs 3 for Mulligans.
Shots for this period are 6 for Saguenéens vs 9 for Mulligans.
Overtime #1
0:01 of 1st overtime period - Drayson Bowman wins face-off versus Brian Sutherby in neutral zone.
0:13 of 1st overtime period - Off-side.
0:14 of 1st overtime period - Brian Sutherby wins face-off versus Denis Arkhipov in neutral zone.
1:01 of 1st overtime period - Snap shot by Mason Raymond.
1:01 of 1st overtime period - Shot Misses the Net.
1:32 of 1st overtime period - Icing by Matt Beleskey.
1:33 of 1st overtime period - Brian Sutherby wins face-off versus Jordan Szwarz in Mulligans zone.
2:03 of 1st overtime period - Off-side.
2:04 of 1st overtime period - Mason Raymond wins face-off versus Denis Arkhipov in neutral zone.
2:09 of 1st overtime period - Snap shot by Mason Raymond.
2:09 of 1st overtime period - Goal by Mason Raymond - Saguenéens : 7 - Mulligans : 6.
Goals for this period are 1 for Saguenéens vs 0 for Mulligans.
Shots for this period are 1 for Saguenéens vs 0 for Mulligans.
Back to the Top